APP
DETROIT (APP) TIGERS @ GREAT FALLS VOYAGERS
09/02/2045
 
TOP OF THE 1ST
Detroit (APP) Tigers batting - Pitching for Great Falls Voyagers : LHP Matt Donnelly
Pitching: LHP Matt Donnelly
Batting: LHB Bill Ford 0-0: Ball
1-0: Ball
2-0: Called Strike
2-1: Foul Ball, location: 2F
2-2: Foul Ball, location: 2F
2-2: Foul Ball, location: 2F
2-2: Strikes out swinging
Batting: RHB Brandon O'Malley 0-0: Called Strike
0-1: Called Strike
0-2: Strikes out swinging
Batting: RHB Keith Hoffman 0-0: Called Strike
0-1: Ball
1-1: Called Strike
1-2: Ball
2-2: Ball
3-2: SINGLE (Flyball, 9S, EV 88.1 MPH)
Batting: LHB George Moran 0-0: Foul Ball, location: 2F
0-1: Called Strike
0-2: Foul Ball, location: 2F
0-2: Ball
1-2: Ball
2-2: Ball
3-2: Base on Balls
Keith Hoffman to second
Batting: RHB Jon Goldstein 0-0: Called Strike
0-1: Ball
1-1: Called Strike
1-2: 3-RUN HOME RUN (Flyball, 78XD, EV 106.2 MPH), Distance : 401 ft
Batting: RHB Adam MacConnell 0-0: Ball
1-0: Ground out 1-3 (Groundball, 15S, EV 65.6 MPH)
Top of the 1st over - 3 runs, 2 hits, 0 errors, 0 left on base; Detroit (APP) 3 - Great Falls 0
BOTTOM OF THE 1ST
Great Falls Voyagers batting - Pitching for Detroit (APP) Tigers : RHP Andy Strange
Pitching: RHP Andy Strange
Batting: RHB Andy Cotton 0-0: Ball
1-0: Ball
2-0: Foul Ball, location: 2F
2-1: Ball
3-1: Called Strike
3-2: Base on Balls
Batting: RHB David Rhodes 0-0: Ball
1-0: Called Strike
1-1: Ball
2-1: Ball
3-1: Foul Ball, location: 2F
3-2: Strikes out swinging
Andy Cotton is caught stealing 2nd base 2-4
Batter strikes out.
Batting: LHB Jason Bell 0-0: Foul Ball, location: 2F
0-1: SINGLE (Flyball, 3D, EV 94.4 MPH)
Batting: RHB Duncan Collins 0-0: Ground out 4-3 (Groundball, 4, EV 81.2 MPH)
Bottom of the 1st over - 0 runs, 1 hit, 0 errors, 1 left on base; Detroit (APP) 3 - Great Falls 0
TOP OF THE 2ND
Detroit (APP) Tigers batting - Pitching for Great Falls Voyagers : LHP Matt Donnelly
Batting: RHB Tony Soto 0-0: Ground out 5-3 (Groundball, 56S, EV 83.8 MPH)
Batting: RHB Carlos Armenteros 0-0: Foul Ball, location: 2F
0-1: Ball
1-1: Ground out U3 (Groundball, 34, EV 103.8 MPH)
Batting: RHB Jamie Villagrana 0-0: Called Strike
0-1: Ball
1-1: Ball
2-1: Called Strike
2-2: Ball
3-2: Strikes out swinging
Top of the 2nd over - 0 runs, 0 hits, 0 errors, 0 left on base; Detroit (APP) 3 - Great Falls 0
BOTTOM OF THE 2ND
Great Falls Voyagers batting - Pitching for Detroit (APP) Tigers : RHP Andy Strange
Batting: LHB Jose Duran 0-0: Fly out, F5 (Popup, 25F, EV 83.8 MPH)
Batting: RHB Mike Rosa 0-0: Called Strike
0-1: Ball
1-1: Ball
2-1: Foul Ball, location: 2F
2-2: Foul Ball, location: 2F
2-2: Foul Ball, location: 2F
2-2: Ball
3-2: SINGLE (Flyball, 34D, EV 96.9 MPH)
Batting: RHB Bill Williams 0-0: Ball
Mike Rosa is caught stealing 2nd base 2-4
1-0: SINGLE (Line Drive, 8RS, EV 95.0 MPH)
Batting: RHB Billy Grubbs 0-0: Ball
Wild Pitch!
Bill Williams to second
1-0: Ground out 4-3 (Groundball, 34D, EV 96.2 MPH)
Bottom of the 2nd over - 0 runs, 2 hits, 0 errors, 1 left on base; Detroit (APP) 3 - Great Falls 0
TOP OF THE 3RD
Detroit (APP) Tigers batting - Pitching for Great Falls Voyagers : LHP Matt Donnelly
Batting: LHB Bill Ford 0-0: Ball
1-0: Foul Ball, location: 2F
1-1: Ball
2-1: Foul Ball, location: 2F
2-2: Strikes out looking
Batting: RHB Brandon O'Malley 0-0: Ball
1-0: Called Strike
1-1: Foul Ball, location: 2F
1-2: Foul Ball, location: 2F
1-2: Strikes out swinging
Batting: RHB Keith Hoffman 0-0: Ball
1-0: Called Strike
1-1: DOUBLE (Line Drive, 9LM, EV 96.9 MPH)
Batting: LHB George Moran 0-0: SINGLE (Groundball, 25, EV 66.2 MPH) (infield hit)
Keith Hoffman to third
Batting: RHB Jon Goldstein 0-0: Ball
1-0: Called Strike
1-1: Ball
2-1: Swinging Strike
2-2: Ball
3-2: Foul Ball, location: 2F
3-2: Foul Ball, location: 2F
3-2: Foul Ball, location: 2F
3-2: Foul Ball, location: 2F
3-2: Fly out, F7 (Line Drive, 7, EV 88.1 MPH)
Top of the 3rd over - 0 runs, 2 hits, 0 errors, 2 left on base; Detroit (APP) 3 - Great Falls 0
BOTTOM OF THE 3RD
Great Falls Voyagers batting - Pitching for Detroit (APP) Tigers : RHP Andy Strange
Batting: RHB Armando Vazquez 0-0: Ball
1-0: Ball
2-0: Ball
3-0: Base on Balls
Batting: RHB Andy Cotton 0-0: Ball
Armando Vazquez is caught stealing 2nd base 2-4
1-0: Ball
2-0: Ball
3-0: Base on Balls
Batting: RHB David Rhodes 0-0: Called Strike
0-1: Ball
1-1: DOUBLE (Line Drive, 89D, EV 101.9 MPH)
Andy Cotton to third
Batting: LHB Jason Bell 0-0: Fly out, F4 (Line Drive, 4, EV 69.4 MPH)
Batting: RHB Duncan Collins 0-0: Ball
1-0: Ball
2-0: Foul Ball, location: 2F
2-1: Fly out, F4 (Popup, 34S, EV 77.5 MPH)
Bottom of the 3rd over - 0 runs, 1 hit, 0 errors, 2 left on base; Detroit (APP) 3 - Great Falls 0
TOP OF THE 4TH
Detroit (APP) Tigers batting - Pitching for Great Falls Voyagers : LHP Matt Donnelly
Batting: RHB Adam MacConnell 0-0: Ball
1-0: Foul Ball, location: 2F
1-1: Ball
2-1: Ball
3-1: Called Strike
3-2: Strikes out swinging
Batting: RHB Tony Soto 0-0: Foul Ball, location: 2F
0-1: Swinging Strike
0-2: Ball
1-2: Ground out 6-3 (Groundball, 6, EV 85.6 MPH)
Batting: RHB Carlos Armenteros 0-0: Swinging Strike
0-1: Ball
1-1: SINGLE (Groundball, 4MD, EV 95.6 MPH)
Batting: RHB Jamie Villagrana 0-0: Called Strike
Carlos Armenteros steals 2nd base
0-1: Called Strike
0-2: Ball
1-2: Ground out 3-1 (Groundball, 34S, EV 89.4 MPH)
Top of the 4th over - 0 runs, 1 hit, 0 errors, 1 left on base; Detroit (APP) 3 - Great Falls 0
BOTTOM OF THE 4TH
Great Falls Voyagers batting - Pitching for Detroit (APP) Tigers : RHP Andy Strange
Batting: LHB Jose Duran 0-0: Ground out U3 (Groundball, 34, EV 88.8 MPH)
Batting: RHB Mike Rosa 0-0: Ball
1-0: Ball
2-0: Ball
3-0: Base on Balls
Batting: RHB Bill Williams 0-0: Ball
1-0: Ball
2-0: SINGLE (Groundball, 6MD, EV 95.6 MPH)
Mike Rosa to second
Runner from 2nd tries for 3rd, SAFE, throw by CF made to third
Batting: RHB Billy Grubbs 0-0: Called Strike
0-1: Fly out, F8 (Flyball, 78D, EV 105.0 MPH)
Runner from 3rd tags up, OUT at HOME! 8-2
Bottom of the 4th over - 0 runs, 1 hit, 0 errors, 1 left on base; Detroit (APP) 3 - Great Falls 0
TOP OF THE 5TH
Detroit (APP) Tigers batting - Pitching for Great Falls Voyagers : LHP Matt Donnelly
Batting: LHB Bill Ford 0-0: Foul Ball, location: 2F
0-1: SOLO HOME RUN (Flyball, 89XD, EV 105.0 MPH), Distance : 410 ft
Batting: RHB Brandon O'Malley 0-0: Ball
1-0: Ball
2-0: DOUBLE (Line Drive, 7LM, EV 102.5 MPH)
Batting: RHB Keith Hoffman 0-0: Foul Ball, location: 2F
0-1: Ball
1-1: Fly out, F3 (Popup, 34S, EV 80.0 MPH)
Batting: LHB George Moran 0-0: Ball
Brandon O'Malley steals 3rd base
1-0: Ball
2-0: Called Strike
2-1: Ball
3-1: Called Strike
3-2: Strikes out swinging
Pitching: LHP Jose Andujar
Batting: RHB Jon Goldstein 0-0: Called Strike
0-1: Foul Ball, location: 2F
0-2: Strikes out swinging
Top of the 5th over - 1 run, 2 hits, 0 errors, 1 left on base; Detroit (APP) 4 - Great Falls 0
BOTTOM OF THE 5TH
Great Falls Voyagers batting - Pitching for Detroit (APP) Tigers : RHP Andy Strange
Batting: RHB Armando Vazquez 0-0: Called Strike
0-1: Ball
1-1: Called Strike
1-2: Foul Ball, location: 2F
1-2: Ball
2-2: Ball
3-2: Base on Balls
Batting: RHB Andy Cotton 0-0: Ball
Balk!
Armando Vazquez to second
1-0: Swinging Strike
1-1: Ball
2-1: Ground out 5-3 (Groundball, 56S, EV 83.8 MPH)
Batting: RHB David Rhodes 0-0: Ball
1-0: Fly out, F9 (Line Drive, 9S, EV 103.8 MPH)
Batting: LHB Jason Bell 0-0: Called Strike
0-1: Called Strike
0-2: Foul Ball, location: 2F
0-2: Ground out 6-3 (Groundball, 6, EV 84.4 MPH)
Bottom of the 5th over - 0 runs, 0 hits, 0 errors, 1 left on base; Detroit (APP) 4 - Great Falls 0
TOP OF THE 6TH
Detroit (APP) Tigers batting - Pitching for Great Falls Voyagers : LHP Jose Andujar
Batting: RHB Adam MacConnell 0-0: Called Strike
0-1: DOUBLE (Line Drive, 89D, EV 101.2 MPH)
Batting: RHB Tony Soto 0-0: Called Strike
0-1: Ball
1-1: Ball
2-1: Foul Ball, location: 2F
2-2: Ball
3-2: DOUBLE (Groundball, 5L, EV 106.2 MPH)
Adam MacConnell scores
Batting: RHB Carlos Armenteros 0-0: Swinging Strike
0-1: Foul Ball, location: 2F
0-2: Ball
1-2: Strikes out looking
Batting: RHB Jamie Villagrana 0-0: Swinging Strike
0-1: Foul Ball, location: 2F
0-2: Strikes out swinging
Batting: LHB Bill Ford 0-0: Ball
1-0: Foul Ball, location: 2F
1-1: Ball
2-1: Called Strike
2-2: Foul Ball, location: 2F
2-2: SINGLE (Flyball, 3D, EV 88.8 MPH)
Tony Soto to third
Batting: RHB Brandon O'Malley 0-0: Ball
1-0: Called Strike
1-1: Ground out 1-3 (Groundball, 15S, EV 71.9 MPH)
Top of the 6th over - 1 run, 3 hits, 0 errors, 2 left on base; Detroit (APP) 5 - Great Falls 0
BOTTOM OF THE 6TH
Great Falls Voyagers batting - Pitching for Detroit (APP) Tigers : RHP Andy Strange
Batting: RHB Duncan Collins 0-0: Ball
1-0: Ground out 1-4-3 (Groundball, 15S, EV 105.0 MPH)
Batting: LHB Jose Duran 0-0: Ball
1-0: Ball
2-0: Ball
3-0: Base on Balls
Pitching: RHP Adam Fisher
Batting: RHB Mike Rosa 0-0: Called Strike
0-1: Foul Ball, location: 2F
0-2: Ball
1-2: Ball
Jose Duran steals 2nd, throwing error, E2
Jose Duran to third
2-2: Strikes out swinging
Batting: RHB Bill Williams 0-0: Called Strike
0-1: Ball
1-1: Foul Ball, location: 2F
1-2: Ball
2-2: Hit by Pitch
Batting: RHB Billy Grubbs 0-0: Swinging Strike
0-1: Foul Ball, location: 2F
0-2: Ball
1-2: Foul Ball, location: 2F
1-2: Foul Ball, location: 2F
1-2: Strikes out swinging
Bottom of the 6th over - 0 runs, 0 hits, 1 error, 2 left on base; Detroit (APP) 5 - Great Falls 0
TOP OF THE 7TH
Detroit (APP) Tigers batting - Pitching for Great Falls Voyagers : LHP Jose Andujar
Batting: RHB Keith Hoffman 0-0: Foul Ball, location: 2F
0-1: Ball
1-1: SINGLE (Line Drive, 8RS, EV 103.8 MPH)
Pitching: LHP Evan Boyd
Batting: LHB George Moran 0-0: Called Strike
0-1: Swinging Strike
0-2: Strikes out looking
Batting: RHB Jon Goldstein 0-0: Ball
1-0: Ball
2-0: Called Strike
2-1: Ball
3-1: Fly out, F1 (Line Drive, P, EV 76.2 MPH)
Batting: RHB Adam MacConnell 0-0: Ball
Keith Hoffman steals 2nd base
1-0: Ball
2-0: SINGLE (Groundball, 34D, EV 95.0 MPH)
Keith Hoffman to third
Runner from 3rd tries for Home, SAFE, throw by RF to home
Batting: RHB Tony Soto 0-0: Called Strike
0-1: Ball
1-1: Foul Ball, location: 2F
1-2: Foul Ball, location: 2F
1-2: Strikes out swinging
Top of the 7th over - 1 run, 2 hits, 0 errors, 1 left on base; Detroit (APP) 6 - Great Falls 0
BOTTOM OF THE 7TH
Great Falls Voyagers batting - Pitching for Detroit (APP) Tigers : RHP Adam Fisher
Batting: RHB Armando Vazquez 0-0: Ball
1-0: Ball
2-0: Ball
3-0: Called Strike
3-1: Foul Ball, location: 2F
3-2: Base on Balls
Batting: RHB Andy Cotton 0-0: Swinging Strike
0-1: Ball
1-1: Called Strike
1-2: Ball
2-2: Strikes out swinging
Armando Vazquez is caught stealing 2nd base 2-4
Batter strikes out.
Batting: RHB David Rhodes 0-0: Swinging Strike
0-1: Ball
1-1: Ball
2-1: Ball
3-1: Fly out, F6 (Popup, 6, EV 61.9 MPH)
Bottom of the 7th over - 0 runs, 0 hits, 0 errors, 0 left on base; Detroit (APP) 6 - Great Falls 0
TOP OF THE 8TH
Detroit (APP) Tigers batting - Pitching for Great Falls Voyagers : LHP Evan Boyd
Batting: RHB Carlos Armenteros 0-0: Called Strike
0-1: Called Strike
0-2: Ball
1-2: Strikes out swinging
Batting: RHB Jamie Villagrana 0-0: Ball
1-0: Called Strike
1-1: Called Strike
1-2: Strikes out looking
Batting: LHB Bill Ford 0-0: Foul Ball, location: 2F
0-1: Swinging Strike
0-2: Strikes out looking
Top of the 8th over - 0 runs, 0 hits, 0 errors, 0 left on base; Detroit (APP) 6 - Great Falls 0
BOTTOM OF THE 8TH
Great Falls Voyagers batting - Pitching for Detroit (APP) Tigers : RHP Adam Fisher
Batting: LHB Jason Bell 0-0: Swinging Strike
0-1: DOUBLE (Line Drive, 9LM, EV 103.1 MPH)
Batting: RHB Duncan Collins 0-0: Swinging Strike
0-1: Fly out, F9 (Flyball, 89S, EV 71.9 MPH)
Batting: LHB Jose Duran 0-0: Ball
1-0: Ball
2-0: Called Strike
2-1: Called Strike
2-2: Ground out 5-3 (Groundball, 56, EV 87.5 MPH)
Batting: RHB Mike Rosa 0-0: Called Strike
0-1: Fly out, F9 (Flyball, 9S, EV 92.5 MPH)
Bottom of the 8th over - 0 runs, 1 hit, 0 errors, 1 left on base; Detroit (APP) 6 - Great Falls 0
TOP OF THE 9TH
Detroit (APP) Tigers batting - Pitching for Great Falls Voyagers : LHP Evan Boyd
Pitching: RHP Alec Guglielmo
Batting: RHB Brandon O'Malley 0-0: SINGLE (Line Drive, 9S, EV 98.1 MPH)
Batting: RHB Keith Hoffman 0-0: Ball
Brandon O'Malley steals 2nd base (no throw)
1-0: Ball
2-0: Called Strike
2-1: Foul Ball, location: 2F
2-2: SINGLE (Line Drive, 89M, EV 93.8 MPH)
Brandon O'Malley to third
Batting: LHB George Moran 0-0: Fielders Choice at 2nd, 1-4 (Groundball, 15S, EV 63.8 MPH)
Batting: RHB Jon Goldstein 0-0: Called Strike
George Moran steals 2nd base
0-1: Ball
Wild Pitch!
Brandon O'Malley scores
George Moran to third
1-1: Ball
2-1: Called Strike
2-2: Ball
3-2: Strikes out swinging
Pinch Hitting: RHB Tommy McDonald 0-0: Ball
1-0: Ball
2-0: Called Strike
2-1: Foul Ball, location: 2F
2-2: Ball
3-2: Foul Ball, location: 2F
3-2: Foul Ball, location: 2F
3-2: Fly out, F7 (Flyball, 7LM, EV 99.4 MPH)
Top of the 9th over - 1 run, 2 hits, 0 errors, 1 left on base; Detroit (APP) 7 - Great Falls 0
BOTTOM OF THE 9TH
Great Falls Voyagers batting - Pitching for Detroit (APP) Tigers : RHP Adam Fisher
Now at 1B: Tommy McDonald
Pinch Hitting: RHB Bill Mannino 0-0: Ball
1-0: Called Strike
1-1: Ball
2-1: Foul Ball, location: 2F
2-2: Ball
3-2: Ground out 1-3 (Groundball, 13, EV 70.6 MPH)
Pitching: LHP Jim Belcher
Batting: RHB Billy Grubbs 0-0: Ball
1-0: Ball
2-0: Ball
3-0: Called Strike
3-1: Foul Ball, location: 2F
3-2: Foul Ball, location: 2F
3-2: Base on Balls
Batting: RHB Armando Vazquez 0-0: Called Strike
0-1: Foul Ball, location: 2F
0-2: Ball
1-2: Fly out, F9 (Flyball, 9D, EV 97.5 MPH)
Batting: RHB Andy Cotton 0-0: Ground out 3-1 (Groundball, 34, EV 106.9 MPH)
Bottom of the 9th over - 0 runs, 0 hits, 0 errors, 1 left on base; Detroit (APP) 7 - Great Falls 0
Wednesday, June 22nd , 2022 - OOTP Baseball 23.4 Build 64